[Event "Titled Tuesday Blitz April 18 Late 2023"]
[White "Indjic, Aleksandar"]
[Black "Firouzja, Alireza"]
[WhiteFideId "911925"]
[BlackFideId "12573981"]
[WhiteElo "2614"]
[BlackElo "2904"]
[Result "0-1"]
[Round "05"]
[TimeControl "180+2"]
[Date "2023.04.18"]
[WhiteClock "0:01:15"]
[BlackClock "0:00:51"]

1. d4 Nf6 2. c4 g6 3. Nc3 Bg7 4. Nf3 O-O 5. h3 d6 6. g4 c5 7. d5 a6 8. a4 e6 9. Bg2 exd5 10. cxd5 Re8 11. Nd2 Nbd7 12. O-O h5 13. g5 Nh7 14. Nde4 Ne5 15. Qb3 Bf5 16. f4 c4 17. Qb4 Nd7 18. Qxc4 Qb6+ 19. Kh2 Rac8 20. a5 Rxc4 21. axb6 Bxe4 22. Nxe4 Rcxe4 23. Bxe4 Rxe4 24. e3 Nxb6 25. Ra5 Nf8 26. Kg2 Nfd7 27. Kf3 Rb4 28. Rf2 Nc4 29. Ra2 Nc5 30. Rc2 b5 31. Bd2 Rxb2 32. Rcxb2 Nxb2 33. e4 Nbd3 34. Ba5 b4 35. e5 b3 0-1


[Site "https://www.chess.com"]

[Event "Titled Tuesday Blitz April 18 Late 2023"]
[White "Hakobyan, Aram"]
[Black "Xiong, Jeffery"]
[WhiteFideId "13306677"]
[BlackFideId "2047640"]
[WhiteElo "2584"]
[BlackElo "2726"]
[Result "1/2-1/2"]
[Round "05"]
[TimeControl "180+2"]
[Date "2023.04.18"]
[WhiteClock "0:00:08"]
[BlackClock "0:00:12"]

1. d4 d5 2. c4 e6 3. Nf3 dxc4 4. e3 Nf6 5. Bxc4 c5 6. O-O Nc6 7. Re1 h6 8. Nc3 Be7 9. Bd3 O-O 10. a3 b6 11. dxc5 Bxc5 12. b4 Be7 13. Bb2 Bb7 14. Qc2 Rc8 15. Rad1 Qc7 16. Qb1 Rfd8 17. Ne4 Nxe4 18. Bxe4 Qb8 19. h3 a6 20. Rc1 Na7 21. Bh7+ Kf8 22. Be4 Rxc1 23. Rxc1 Rc8 24. Rxc8+ Bxc8 25. Qa1 f6 26. Nd4 Bd7 27. Qd1 Qd6 28. Qh5 Nb5 29. Bd3 Nxd4 30. exd4 Qf4 31. Bxa6 Bd6 32. g3 Qe4 33. Qe2 Qb1+ 34. Kg2 Bc6+ 35. f3 Bd5 36. Bd3 Qa2 37. Bc1 Qb3 38. Qc2 Qxc2+ 39. Bxc2 Bc4 40. Bf4 Bxf4 41. gxf4 b5 42. h4 Ke7 43. Kf2 Kd6 44. Ke3 f5 45. Bd3 Kd5 46. Bc2 Kd6 47. Bb1 Kd5 48. Bd3 g6 49. Bc2 Kc6 50. Bb1 Kb6 51. Bd3 Bd5 52. Be2 Bc6 53. Kd2 Kc7 54. Kc3 Kd6 55. Bd1 Bd7 56. Kd3 Bc6 57. Be2 Bd7 58. Ke3 Bc6 59. Bd1 Bd7 60. Bc2 Bc6 61. Bb3 Bd7 62. Kd2 Bc6 63. Bd1 Bd7 64. Kc3 Bc6 65. Kb2 Bd7 66. a4 bxa4 67. Ka3 Bc6 68. Bxa4 Bxf3 69. b5 Kd5 70. Kb4 Kxd4 71. b6 Bb7 72. Bd7 e5 73. fxe5 Kxe5 74. Kc5 g5 75. Bc6 Bc8 76. Bd7 Bb7 77. Bc6 Bc8 78. Bd7 Bb7 1/2-1/2


[Site "https://www.chess.com"]

[Event "Titled Tuesday Blitz April 18 Late 2023"]
[White "Horvath, Dominik"]
[Black "Bortnyk, Olexandr"]
[WhiteFideId "1642561"]
[BlackFideId "14120828"]
[WhiteElo "2407"]
[BlackElo "2734"]
[Result "0-1"]
[Round "05"]
[TimeControl "180+2"]
[Date "2023.04.18"]
[WhiteClock "0:00:14"]
[BlackClock "0:01:03"]

1. e4 Nf6 2. e5 Nd5 3. d4 d6 4. c4 Nb6 5. exd6 exd6 6. Nc3 Be7 7. Bd3 O-O 8. Nge2 c6 9. O-O Na6 10. Bf4 Nb4 11. Bb1 d5 12. a3 Na6 13. Qd3 g6 14. cxd5 Nxd5 15. Nxd5 Qxd5 16. Nc3 Qh5 17. Qe3 Be6 18. Be5 Rad8 19. Ne4 f6 20. Bg3 Rfe8 21. Re1 f5 22. Nc3 Bg5 23. Qd3 f4 24. Rxe6 Rxe6 25. Ba2 Nc7 26. Qe4 Qg4 27. f3 Qf5 28. Qxf5 gxf5 29. Bxe6+ Nxe6 30. Bf2 Nxd4 31. Rd1 Ne2+ 32. Kf1 Nxc3 33. Rxd8+ Bxd8 34. bxc3 a6 35. Ke2 b5 36. Bc5 Kf7 37. Kd3 Be7 38. Kd4 Bf6+ 39. Kd3 Ke6 40. c4 Be7 41. Kd4 Bxc5+ 42. Kxc5 Kd7 43. cxb5 axb5 44. a4 bxa4 45. Kb4 Kd6 46. Kxa4 Kc5 47. Kb3 Kd4 48. Kc2 Ke3 0-1


[Site "https://www.chess.com"]

[Event "Titled Tuesday Blitz April 18 Late 2023"]
[White "Terry, Renato"]
[Black "Martinez Alcantara, Jose Eduardo"]
[WhiteFideId "3803457"]
[BlackFideId "3805662"]
[WhiteElo "2575"]
[BlackElo "2711"]
[Result "0-1"]
[Round "05"]
[TimeControl "180+2"]
[Date "2023.04.18"]
[WhiteClock "0:00:01"]
[BlackClock "0:00:09"]

1. d4 Nf6 2. g3 e6 3. b3 a6 4. Bg2 d5 5. Bb2 b5 6. Nd2 Bb7 7. Ngf3 Nbd7 8. O-O c5 9. c4 Be7 10. cxd5 Bxd5 11. dxc5 Nxc5 12. Ne5 O-O 13. Nc6 Bxc6 14. Bxc6 Rc8 15. Bg2 Nd5 16. Ne4 Nd7 17. a4 b4 18. Qd3 a5 19. Rac1 Qb6 20. Bd4 Qb7 21. Rc4 N7b6 22. Rxc8 Rxc8 23. Qb5 Qc6 24. Qxa5 Ra8 25. Qb5 Qxb5 26. axb5 Ra5 27. Rc1 Rxb5 28. Ra1 h6 29. e3 f5 30. Bf1 fxe4 31. Bxb5 Bf6 0-1


[Site "https://www.chess.com"]

[Event "Titled Tuesday Blitz April 18 Late 2023"]
[White "Lazavik, Denis"]
[Black "Durarbayli, Vasif"]
[WhiteFideId "13515110"]
[BlackFideId "13402935"]
[WhiteElo "2560"]
[BlackElo "2551"]
[Result "1-0"]
[Round "05"]
[TimeControl "180+2"]
[Date "2023.04.18"]
[WhiteClock "0:00:42"]
[BlackClock "0:00:02"]

1. d4 Nf6 2. c4 e6 3. g3 c5 4. d5 exd5 5. cxd5 d6 6. Nc3 g6 7. Bg2 Bg7 8. Nf3 O-O 9. O-O Re8 10. Re1 Nbd7 11. Bf4 Ng4 12. Bg5 Qb6 13. Qb3 a6 14. Bf4 Qc7 15. a4 h6 16. Qc2 Nde5 17. Nxe5 Nxe5 18. h4 Bf5 19. Qc1 Kh7 20. b3 Rab8 21. Qd2 b5 22. axb5 axb5 23. Ra6 Rb6 24. Rea1 Rxa6 25. Rxa6 Rb8 26. Ne4 Rb6 27. Qa5 Rxa6 28. Qxc7 Ra1+ 29. Bf1 Bxe4 30. Bxe5 Bxe5 31. Qxf7+ Bg7 32. f3 Bc2 33. Kf2 Bxb3 34. h5 gxh5 35. Bh3 Bc2 36. e4 1-0


[Site "https://www.chess.com"]

[Event "Titled Tuesday Blitz April 18 Late 2023"]
[White "Zhigalko_Sergei"]
[Black "Sarana, Alexey"]
[BlackFideId "24133795"]
[WhiteElo "2911"]
[BlackElo "2714"]
[Result "1-0"]
[Round "05"]
[TimeControl "180+2"]
[Date "2023.04.18"]
[WhiteClock "0:00:07"]
[BlackClock "0:00:05"]

1. e4 c5 2. Nf3 d6 3. d4 cxd4 4. Qxd4 Nf6 5. Nc3 Nc6 6. Bb5 Bd7 7. Bxc6 Bxc6 8. Bg5 e6 9. O-O-O Be7 10. Rhe1 h6 11. Bh4 O-O 12. Kb1 a6 13. Bg3 e5 14. Qd3 b5 15. Bh4 g5 16. Bg3 b4 17. Nd5 Nxd5 18. exd5 Bb5 19. Qd2 f5 20. h4 f4 21. Bh2 g4 22. Nxe5 dxe5 23. Rxe5 Bd6 24. Re6 Rf6 25. Rde1 Qf8 26. Rxf6 Qxf6 27. Re6 Qxh4 28. Qd4 Bf8 29. Qxf4 Qg5 30. Qe4 Kf7 31. Bf4 Qh5 32. Qh7+ Bg7 33. Re7+ Kxe7 34. Qxg7+ Qf7 35. Qe5+ Kd7 36. Qc7+ Ke8 37. Qe5+ Qe7 38. Qh8+ Qf8 39. Qe5+ Kf7 40. Qe6+ Kg7 41. Bxh6+ Kh7 42. Bxf8 Rxf8 43. b3 Rxf2 44. Qxg4 Rf1+ 45. Kb2 Kh6 46. Qxb4 Rf7 47. Qh4+ Kg6 48. c4 Bd7 49. Ka3 Bf5 50. g4 Be4 51. Qh5+ Kf6 52. Qh6+ Ke5 53. Qe3 Rf3 54. Qb6 Rg3 55. Qc7+ Kd4 56. Qxg3 1-0


[Site "https://www.chess.com"]

[Event "Titled Tuesday Blitz April 18 Late 2023"]
[White "Pranav, V"]
[Black "Drygalov, Andrey"]
[WhiteFideId "25060783"]
[BlackFideId "24171735"]
[WhiteElo "2500"]
[BlackElo "2466"]
[Result "0-1"]
[Round "05"]
[TimeControl "180+2"]
[Date "2023.04.18"]
[WhiteClock "0:00:23"]
[BlackClock "0:00:21"]

1. e4 c5 2. Nf3 d6 3. c3 Nf6 4. Be2 g6 5. O-O Bg7 6. Bb5+ Bd7 7. Bxd7+ Qxd7 8. Re1 O-O 9. h3 Nc6 10. d4 cxd4 11. cxd4 d5 12. e5 Ne4 13. Nbd2 f5 14. exf6 Nxf6 15. b3 Nh5 16. Nf1 Rae8 17. Be3 Nf4 18. Rc1 Qf5 19. Bxf4 Qxf4 20. Rxc6 bxc6 21. Qd3 e5 22. dxe5 Bxe5 23. Qc2 Qf6 24. Rc1 Bf4 25. Rd1 Bc7 26. Ne3 Bb6 27. Ng4 Qe6 28. Re1 Qd6 29. Rxe8 Rxe8 30. Qc3 d4 31. Qc4+ Kg7 32. Qd3 h5 33. Ngh2 Qf4 34. Nf1 Qe4 35. Qc4 d3 36. Qc3+ Kg8 37. Ng5 Qf5 38. Qc4+ Kg7 39. Nf3 Re2 40. Qc3+ Qf6 41. Qxd3 Rxf2 42. Kh1 Qa1 43. Nh2 Qd4 44. Qa6 Rf7 0-1


[Site "https://www.chess.com"]

[Event "Titled Tuesday Blitz April 18 Late 2023"]
[White "Kravtsiv, Martyn"]
[Black "Rasulov, Vugar"]
[WhiteFideId "14113147"]
[BlackFideId "13402390"]
[WhiteElo "2695"]
[BlackElo "2509"]
[Result "0-1"]
[Round "05"]
[TimeControl "180+2"]
[Date "2023.04.18"]
[WhiteClock "0:00:10"]
[BlackClock "0:00:18"]

1. e4 c5 2. Nf3 d6 3. Bb5+ Nd7 4. d4 a6 5. Bxd7+ Bxd7 6. dxc5 dxc5 7. O-O e6 8. Nc3 Ne7 9. e5 Bc6 10. Qe2 Qc7 11. Re1 Nf5 12. Ne4 O-O-O 13. c3 Be7 14. Bf4 h6 15. h3 g5 16. Bh2 Rhg8 17. g4 Bxe4 18. Qxe4 Nh4 19. Rad1 Ng6 20. b4 Rxd1 21. Rxd1 Rd8 22. Rxd8+ Qxd8 23. Kg2 Qd5 24. Qxd5 exd5 25. bxc5 Bxc5 26. Kf1 Kd7 27. Ne1 Kc6 28. Ke2 Kb5 29. Nd3 Kc4 30. f4 gxf4 31. Bxf4 Bf8 32. Bd2 d4 33. cxd4 Kxd4 34. Bc1 Ke4 35. Bb2 b5 36. Nf2+ Kf4 37. h4 Nxh4 38. Bc1+ Kxe5 39. g5 h5 40. Nd3+ Kf5 41. Nf4 Kg4 42. Nd5 Bg7 43. Ne3+ Kxg5 44. Ng2+ Kg4 45. Ne3+ Kg3 46. Ba3 Be5 47. Be7 Bf4 48. Nd5 Ng6 49. Bc5 h4 50. Kf1 h3 51. Bf2+ Kf3 52. Bg1 h2 53. Bxh2 Bxh2 0-1


[Site "https://www.chess.com"]

[Event "Titled Tuesday Blitz April 18 Late 2023"]
[White "Quesada Perez, Yasser"]
[Black "Deac, Bogdan-Daniel"]
[WhiteFideId "3509362"]
[BlackFideId "1226380"]
[WhiteElo "2496"]
[BlackElo "2649"]
[Result "0-1"]
[Round "05"]
[TimeControl "180+2"]
[Date "2023.04.18"]
[WhiteClock "0:00:02"]
[BlackClock "0:00:05"]

1. d4 Nf6 2. Nf3 d5 3. Bf4 c5 4. e3 Nc6 5. Nbd2 Nh5 6. Be5 e6 7. Bb5 Bd7 8. a4 cxd4 9. exd4 f6 10. Bg3 g6 11. O-O a6 12. Bxc6 bxc6 13. Re1 Nxg3 14. hxg3 Bd6 15. Nb3 Qe7 16. Qd2 O-O 17. Re2 Rfe8 18. Rae1 Rab8 19. Qd3 Bc8 20. g4 Rb4 21. g5 fxg5 22. a5 Rb5 23. Ne5 Bd7 24. Re3 Bb4 25. R1e2 c5 26. dxc5 Bxa5 27. c6 Bc8 28. Nxg6 Qg7 29. Ne5 Bc7 30. Qd4 a5 31. Qg4 Rb4 32. Nd4 Rxb2 33. Qh5 Rb1+ 34. Kh2 Rf8 35. Nf3 h6 36. g3 Bb6 37. Rb3 Rxb3 38. cxb3 Bc7 39. Kg2 d4 40. Ng4 Kh7 41. Nfe5 Rf5 42. f3 Ba6 43. Rd2 Bxe5 44. Nxe5 Rxe5 45. Rxd4 Re2+ 46. Kh3 Qxd4 47. Qf7+ Qg7 0-1


[Site "https://www.chess.com"]

[Event "Titled Tuesday Blitz April 18 Late 2023"]
[White "Eljanov, Pavel"]
[Black "Leenhouts, Koen"]
[WhiteFideId "14102951"]
[BlackFideId "1008439"]
[WhiteElo "2598"]
[BlackElo "2409"]
[Result "0-1"]
[Round "05"]
[TimeControl "180+2"]
[Date "2023.04.18"]
[WhiteClock "0:00:04"]
[BlackClock "0:00:01"]

1. e4 c5 2. Nf3 e6 3. d4 cxd4 4. Nxd4 Nc6 5. Nc3 Qc7 6. f4 a6 7. Nxc6 bxc6 8. Bd3 d5 9. O-O Nf6 10. Qe2 Be7 11. Kh1 O-O 12. Bd2 Bb7 13. Rae1 Rfe8 14. e5 Nd7 15. f5 exf5 16. Bxf5 Nf8 17. Qg4 Bc8 18. Ne2 Bxf5 19. Rxf5 Bc5 20. Ng3 Ng6 21. Rg5 Be7 22. Rh5 Rab8 23. Bc3 c5 24. e6 Bd6 25. exf7+ Qxf7 26. Rf1 Qe6 27. Nf5 d4 28. Bd2 Bf8 29. Qh3 Qe2 30. Ng3 Qxd2 31. Rxh7 Qg5 32. Rh5 Qe3 33. Qf5 Qe6 34. Qd3 Rxb2 35. Nf5 Rb7 36. Qh3 Rf7 37. Qg3 Qe2 38. Nh6+ gxh6 39. Qxg6+ Rg7 40. Qf5 Qxg2# 0-1


[Site "https://www.chess.com"]

[Event "Titled Tuesday Blitz April 18 Late 2023"]
[White "Makridis, Dimitrios"]
[Black "Duda, Jan-Krzysztof"]
[WhiteFideId "25864475"]
[BlackFideId "1170546"]
[WhiteElo "2277"]
[BlackElo "2790"]
[Result "0-1"]
[Round "05"]
[TimeControl "180+2"]
[Date "2023.04.18"]
[WhiteClock "0:00:03"]
[BlackClock "0:00:19"]

1. e4 c6 2. d4 d5 3. exd5 cxd5 4. Bd3 Nc6 5. c3 Qc7 6. h3 g6 7. Nf3 Bf5 8. O-O e6 9. Re1 Bd6 10. Na3 a6 11. Nc2 h5 12. a3 Nf6 13. Ne3 Ne4 14. c4 Ne7 15. cxd5 Nxd5 16. Nxf5 gxf5 17. Bxe4 fxe4 18. Rxe4 Rg8 19. Bd2 Qb6 20. Ng5 Nf6 21. Qf3 Be7 22. d5 Rxg5 23. Bxg5 Nxe4 24. Bxe7 Qxb2 25. Re1 Qxf2+ 26. Qxf2 Nxf2 27. dxe6 Nxh3+ 28. Kh2 Kxe7 29. exf7+ Kxf7 30. Kxh3 Rc8 31. Re3 Rc4 32. Rd3 b5 33. Rd6 Ra4 34. Rb6 Ke7 35. g3 Rxa3 36. Kh4 Kd7 37. Rh6 b4 38. Rb6 a5 0-1


[Site "https://www.chess.com"]

[Event "Titled Tuesday Blitz April 18 Late 2023"]
[White "Bluebaum, Matthias"]
[Black "Korchmar, Vasiliy"]
[WhiteFideId "24651516"]
[BlackFideId "24131750"]
[WhiteElo "2638"]
[BlackElo "2370"]
[Result "1-0"]
[Round "05"]
[TimeControl "180+2"]
[Date "2023.04.18"]
[WhiteClock "0:02:05"]
[BlackClock "0:00:11"]

1. d4 d5 2. c4 c6 3. Nf3 Nf6 4. Nc3 e6 5. Qc2 Nbd7 6. e4 dxe4 7. Nxe4 Nxe4 8. Qxe4 e5 9. Bd2 Be7 10. Nxe5 Nf6 11. Qe3 O-O 12. Bd3 c5 13. d5 Bd6 14. O-O Re8 15. f4 b5 16. b3 bxc4 17. bxc4 Ng4 18. Qh3 Nf6 19. Qh4 Ba6 20. Bc3 h6 21. Nc6 Qd7 22. Bxf6 gxf6 23. Qxh6 f5 24. Qg5+ Kf8 25. Bxf5 1-0


[Site "https://www.chess.com"]

[Event "Titled Tuesday Blitz April 18 Late 2023"]
[White "Matinian, Nikita"]
[Black "Andreikin, Dmitry"]
[WhiteFideId "24129100"]
[BlackFideId "4158814"]
[WhiteElo "2422"]
[BlackElo "2736"]
[Result "0-1"]
[Round "05"]
[TimeControl "180+2"]
[Date "2023.04.18"]
[WhiteClock "0:00:01"]
[BlackClock "0:00:18"]

1. e4 c5 2. Nf3 Nc6 3. Bb5 Qb6 4. Nc3 Nd4 5. a4 a6 6. Bc4 e6 7. O-O Qc7 8. d3 Nf6 9. Nxd4 cxd4 10. Ne2 Bd6 11. f4 Nxe4 12. Nxd4 Nf6 13. Kh1 b6 14. Qe2 O-O 15. Nf3 Bb7 16. Ne5 Be7 17. Bd2 d6 18. Nf3 Nd5 19. d4 Bf6 20. c3 Ne7 21. Bd3 Nf5 22. Ng5 g6 23. Ne4 Bg7 24. Qe1 b5 25. g4 b4 26. Kg1 bxc3 27. bxc3 Rfe8 28. Qf2 Nh6 29. Qh4 f5 30. gxf5 exf5 31. Ng5 Qc6 32. Nf3 Ng4 33. Rab1 Bf6 34. Qg3 Re7 35. h3 Ne3 36. Rf2 Rae8 37. a5 Nc4 38. Bxc4+ Qxc4 39. Kh2 Bd5 40. Re1 Qd3 41. Rxe7 Rxe7 42. Ng5 Qb1 43. Qg1 Qc2 44. Qg3 h6 0-1


[Site "https://www.chess.com"]

[Event "Titled Tuesday Blitz April 18 Late 2023"]
[White "UnknownxArmy"]
[Black "Svane, Rasmus"]
[BlackFideId "4657101"]
[WhiteElo "2684"]
[BlackElo "2597"]
[Result "1/2-1/2"]
[Round "05"]
[TimeControl "180+2"]
[Date "2023.04.18"]
[WhiteClock "0:00:29"]
[BlackClock "0:00:09"]

1. c4 e6 2. Nc3 d5 3. d4 h6 4. cxd5 exd5 5. Nf3 Nf6 6. Bf4 Bd6 7. Bxd6 Qxd6 8. e3 c6 9. Bd3 Bg4 10. h3 Bxf3 11. Qxf3 Nbd7 12. O-O O-O 13. Rab1 a5 14. a3 Rfe8 15. Rfc1 Qe7 16. b4 b5 17. Qd1 Nb6 18. Qc2 Nc4 19. Bxc4 dxc4 20. Re1 axb4 21. axb4 Nd5 22. Qb2 Qd6 23. g3 Re7 24. e4 Nxc3 25. Qxc3 Rae8 26. e5 Qd5 27. Re3 Rd8 28. Rd1 Ra7 29. e6 fxe6 30. Qe1 Re7 31. Re5 Qd6 32. Qe4 Kh8 33. Re1 Qxb4 34. Qxc6 Rb8 35. d5 Qd2 36. d6 Rf7 37. R1e2 Qd1+ 38. Kg2 Qd4 39. Rxe6 Kh7 40. Re7 Rbf8 41. Rxf7 Rxf7 42. Qxb5 Qxd6 43. Qxc4 Qg6 44. h4 Qf5 45. Qe4 Qxe4+ 46. Rxe4 h5 47. Re5 g6 48. f4 Kh6 49. Kh3 Rd7 50. f5 gxf5 51. Rxf5 Rd6 52. Re5 Rb6 53. Rf5 Rc6 54. Rd5 Rc2 55. Rg5 Rb2 56. Rf5 Rc2 57. Rg5 Rb2 58. Rf5 Rc2 59. Rg5 1/2-1/2


[Site "https://www.chess.com"]

[Event "Titled Tuesday Blitz April 18 Late 2023"]
[White "Sadhwani, Raunak"]
[Black "Jaracz, Pawel"]
[WhiteFideId "35093487"]
[BlackFideId "1102222"]
[WhiteElo "2631"]
[BlackElo "2438"]
[Result "1-0"]
[Round "05"]
[TimeControl "180+2"]
[Date "2023.04.18"]
[WhiteClock "0:00:08"]
[BlackClock "0:00:04"]

1. Nf3 d5 2. b3 c5 3. Bb2 Nc6 4. e3 a6 5. Be2 Bg4 6. O-O e6 7. h3 Bh5 8. c4 dxc4 9. bxc4 Nf6 10. d3 Bd6 11. Nbd2 O-O 12. a3 b5 13. Qc2 Qe7 14. Rfe1 Rfc8 15. Rac1 Rab8 16. Ba1 b4 17. a4 e5 18. Nb3 e4 19. Bxf6 Qxf6 20. dxe4 Re8 21. Nfd2 Bg6 22. f4 Qh4 23. Bf3 f6 24. Rcd1 Rbd8 25. Nf1 Bf8 26. Kh2 Qh6 27. Ng3 Qh4 28. Rd5 Bf7 29. Red1 g6 30. Nxc5 Rc8 31. Nb3 Ne7 32. Qd3 Nxd5 33. exd5 f5 34. d6 Red8 35. c5 Qf6 36. Bd5 Bxd5 37. Qxd5+ Qf7 38. Qd3 Bg7 39. Ne2 Bc3 40. Qc2 Bf6 41. Ned4 Qd7 42. Qc4+ Kh8 43. Qxa6 Re8 44. Qb5 Qf7 45. d7 1-0


[Site "https://www.chess.com"]

[Event "Titled Tuesday Blitz April 18 Late 2023"]
[White "Kramnik, Vladimir"]
[Black "Larino Nieto, David"]
[WhiteFideId "4101588"]
[BlackFideId "2256444"]
[WhiteElo "2712"]
[BlackElo "2506"]
[Result "1-0"]
[Round "05"]
[TimeControl "180+2"]
[Date "2023.04.18"]
[WhiteClock "0:00:25"]
[BlackClock "0:00:01"]

1. e4 d5 2. exd5 Qxd5 3. Nc3 Qa5 4. d4 Nf6 5. Nf3 Nc6 6. Bb5 Ne4 7. Bd2 Nxc3 8. Bxc6+ bxc6 9. Bxc3 Qd5 10. Qd2 Bg4 11. Qf4 Bxf3 12. gxf3 e6 13. b3 Ba3 14. Qe4 f5 15. Qxd5 cxd5 16. b4 Rb8 17. Ke2 Kd7 18. Rab1 Rb6 19. Rb3 Ra6 20. h4 Ra4 21. h5 Ke7 22. Bd2 Rb8 23. Rhb1 Kf7 24. c3 c6 25. Bf4 Rb5 26. Be5 a5 27. bxa5 Raxa5 28. Kd3 Be7 29. R1b2 g6 30. hxg6+ Kxg6 31. Re2 Kf7 32. Bc7 Rxa2 33. Rxb5 Rxe2 34. Rb7 Rxf2 35. Ke3 Rc2 36. Bd6 Rxc3+ 37. Kf4 Kg6 38. Rxe7 Rd3 39. Rxe6+ Kf7 40. Rh6 Rxd4+ 41. Kxf5 Rd3 42. Rxh7+ Ke8 43. Ke6 Re3+ 44. Be5 1-0


[Site "https://www.chess.com"]

[Event "Titled Tuesday Blitz April 18 Late 2023"]
[White "Mihajlov, Sebastian"]
[Black "Paravyan, David"]
[WhiteFideId "1512110"]
[BlackFideId "4194985"]
[WhiteElo "2478"]
[BlackElo "2563"]
[Result "0-1"]
[Round "05"]
[TimeControl "180+2"]
[Date "2023.04.18"]
[WhiteClock "0:00:03"]
[BlackClock "0:00:04"]

1. e4 c5 2. Nf3 Nc6 3. d4 cxd4 4. Nxd4 Nf6 5. Nc3 h5 6. Bg5 Qa5 7. Bxf6 gxf6 8. Be2 Rg8 9. g3 h4 10. Nb3 Qe5 11. Qd2 e6 12. O-O-O Bb4 13. f4 Bxc3 14. bxc3 Qxe4 15. Nc5 Qd5 16. Qxd5 exd5 17. Rxd5 Ke7 18. Re1 d6 19. Ba6+ Kf8 20. Bxb7 Bxb7 21. Nxb7 hxg3 22. hxg3 Rxg3 23. Nxd6 Rxc3 24. Rh5 Rg3 25. Rh8+ Rg8 26. Rh6 Rg6 27. Rh8+ Rg8 28. Rh6 Rd8 29. Rxf6 Rg6 30. Rxg6 fxg6 31. Nc4 Rd4 32. Ne5 Ne7 33. Re3 Rxf4 34. Ra3 g5 35. Rxa7 g4 36. Kd2 g3 37. Rxe7 Rf2+ 38. Ke3 Kxe7 39. Ng6+ Kf6 40. Nf4 Kf5 41. Nd3 Rxc2 42. Kf3 g2 0-1


[Site "https://www.chess.com"]

[Event "Titled Tuesday Blitz April 18 Late 2023"]
[White "Pichot, Alan"]
[Black "Amburgy, Ryan"]
[WhiteFideId "110973"]
[BlackFideId "30924820"]
[WhiteElo "2573"]
[BlackElo "2134"]
[Result "1-0"]
[Round "05"]
[TimeControl "180+2"]
[Date "2023.04.18"]
[WhiteClock "0:00:54"]
[BlackClock "0:00:59"]

1. e4 c6 2. Nf3 d5 3. Nc3 dxe4 4. Nxe4 Nf6 5. Qe2 Nxe4 6. Qxe4 Nd7 7. Bc4 Nf6 8. Ne5 e6 9. Qe2 b5 10. Bb3 Qc7 11. O-O Bd6 12. d4 O-O 13. c3 c5 14. Bg5 Nd5 15. Bh4 a5 16. Bg3 Bb7 17. dxc5 Qxc5 18. Rad1 Rad8 19. a3 Nf6 20. Nxf7 Bxg3 21. Nxd8 Bxh2+ 22. Kxh2 Qc7+ 23. Kg1 Rxd8 24. Qxe6+ Kh8 25. Qf7 Qxf7 26. Rxd8+ Qe8 27. Rfd1 1-0


[Site "https://www.chess.com"]

[Event "Titled Tuesday Blitz April 18 Late 2023"]
[White "Popovic, Dusan"]
[Black "Martinez Ramirez, Lennis"]
[WhiteFideId "927031"]
[BlackFideId "3509079"]
[WhiteElo "2573"]
[BlackElo "2410"]
[Result "1-0"]
[Round "05"]
[TimeControl "180+2"]
[Date "2023.04.18"]
[WhiteClock "0:00:05"]
[BlackClock "0:00:04"]

1. g3 d5 2. Bg2 Nf6 3. d3 e5 4. Nf3 Nc6 5. a3 a5 6. O-O Bf5 7. Nc3 h6 8. e4 dxe4 9. dxe4 Qxd1 10. Rxd1 Nxe4 11. Nxe4 Bxe4 12. Re1 Bxf3 13. Bxf3 Bd6 14. Bxc6+ bxc6 15. f4 O-O-O 16. fxe5 Bc5+ 17. Kg2 Rhe8 18. h4 f6 19. Bf4 g5 20. hxg5 fxg5 21. Bc1 Rd5 22. b4 Bd4 23. Rb1 Rdxe5 24. Bd2 Re2+ 25. Kh3 a4 26. Kg4 Kd7 27. Rbd1 Rxd2 28. Rxd2 Rxe1 29. Rxd4+ Ke6 30. Kh5 Rh1+ 31. Kg6 Rh3 32. Rd3 Ke5 33. Rc3 Kd5 34. Kf5 Kd6 35. Rd3+ Ke7 36. c4 1-0


[Site "https://www.chess.com"]

[Event "Titled Tuesday Blitz April 18 Late 2023"]
[White "Hansen, Eric"]
[Black "Tregubov, Pavel V."]
[WhiteFideId "2606771"]
[BlackFideId "4115341"]
[WhiteElo "2561"]
[BlackElo "2425"]
[Result "0-1"]
[Round "05"]
[TimeControl "180+2"]
[Date "2023.04.18"]
[WhiteClock "0:00:02"]
[BlackClock "0:00:25"]

1. d4 Nf6 2. Bf4 d5 3. e3 c5 4. c3 Nc6 5. Nd2 cxd4 6. exd4 Bf5 7. Ngf3 e6 8. Be2 h6 9. O-O Bd6 10. Bxd6 Qxd6 11. Re1 O-O 12. Bb5 a6 13. Bf1 b5 14. Ne5 Rfc8 15. Nb3 b4 16. Rc1 bxc3 17. Rxc3 Ne4 18. Rxc6 Rxc6 19. Nxc6 Qxc6 20. f3 Nd6 21. Nc5 a5 22. b3 Nb7 23. Qd2 Nxc5 24. Qc3 Rc8 25. Rc1 e5 26. dxc5 d4 27. Qxa5 e4 28. fxe4 Qxe4 29. Qd2 d3 30. b4 h5 31. a3 h4 32. Re1 Qd4+ 33. Qf2 Qd5 34. Rd1 h3 35. gxh3 Be4 36. Qe3 Rc6 37. Bxd3 Rg6+ 38. Kf2 Qf5+ 39. Ke1 Bxd3 40. Rxd3 Re6 41. Qxe6 fxe6 42. Kd2 e5 43. Re3 e4 44. Ke2 Qd5 45. Rc3 Qd4 46. Rg3 Kf7 47. h4 Kf6 48. h5 Kf5 49. c6 Qc4+ 50. Kd2 Qxc6 51. Rc3 Qd5+ 52. Kc2 Qa2+ 53. Kc1 Kf4 54. b5 e3 55. Rc2 Qa1# 0-1


[Site "https://www.chess.com"]

[Event "Titled Tuesday Blitz April 18 Late 2023"]
[White "Aldokhin, Ivan"]
[Black "Suleymanli, Aydin"]
[WhiteFideId "24115720"]
[BlackFideId "13413937"]
[WhiteElo "2322"]
[BlackElo "2559"]
[Result "0-1"]
[Round "05"]
[TimeControl "180+2"]
[Date "2023.04.18"]
[WhiteClock "0:00:47"]
[BlackClock "0:01:20"]

1. e4 e5 2. Nf3 Nc6 3. Bb5 a6 4. Ba4 Nf6 5. O-O Be7 6. Re1 b5 7. Bb3 O-O 8. d4 Nxd4 9. Nxd4 exd4 10. e5 Ne8 11. c3 c5 12. cxd4 c4 13. Bc2 d5 14. Nc3 Nc7 15. f4 f5 16. Kh1 Be6 17. Be3 b4 18. Na4 Nb5 19. Qf3 Qa5 20. Rad1 g6 21. h3 h5 22. Nc5 Bxc5 23. dxc5 d4 24. Bxd4 b3 25. Bc3 Nxc3 26. bxc3 bxc2 27. Rd6 Rae8 28. Qc6 Qxc3 29. Rxe6 Qxe1+ 30. Kh2 Rxe6 31. Qxe6+ Kg7 32. Qd7+ Rf7 33. Qd4 c1=Q 34. e6+ Rf6 35. e7 Qh1+ 36. Kg3 Qce1+ 0-1


[Site "https://www.chess.com"]

[Event "Titled Tuesday Blitz April 18 Late 2023"]
[White "Anton Guijarro, David"]
[Black "Sieciechowicz, Marcin"]
[WhiteFideId "2285525"]
[BlackFideId "1130170"]
[WhiteElo "2618"]
[BlackElo "2302"]
[Result "1/2-1/2"]
[Round "05"]
[TimeControl "180+2"]
[Date "2023.04.18"]
[WhiteClock "0:00:02"]
[BlackClock "0:00:08"]

1. d4 Nf6 2. Nf3 d5 3. e3 c6 4. c4 Bf5 5. Nc3 e6 6. Nh4 Bg6 7. Nxg6 hxg6 8. h3 Nbd7 9. Bd3 Bd6 10. O-O O-O 11. Qc2 dxc4 12. Bxc4 e5 13. Qxg6 exd4 14. exd4 c5 15. Rd1 cxd4 16. Rxd4 Ne5 17. Qf5 Nxc4 18. Rxc4 Rc8 19. Rxc8 Qxc8 20. Qf3 Be5 21. Bd2 Rd8 22. Be1 b6 23. Rd1 Rxd1 24. Qxd1 Qe6 25. a3 g6 26. Bd2 Qd6 27. Qe2 Kg7 28. Nb5 Qd5 29. Bc3 Bxc3 30. Nxc3 Qb3 31. g4 Nd7 32. Qd2 Nc5 33. Qd4+ Kg8 34. Qd2 Ne6 35. Kg2 Qc4 36. Ne2 Qc6+ 37. f3 Qc5 38. h4 Qe5 39. b4 Kh7 40. f4 Qe4+ 41. Kg3 Kg8 42. Nc3 Qc6 43. Qe3 Qc4 44. Ne4 Kg7 45. f5 gxf5 46. gxf5 Nd4 47. f6+ Kh7 48. Nd6 Qd5 49. Qe4+ Qxe4 50. Nxe4 Nc2 51. Kf4 Nxa3 52. Ke5 a5 53. bxa5 bxa5 54. h5 Nc4+ 55. Kd5 Ne3+ 56. Kc5 Ng4 57. Ng5+ Kh6 58. Nxf7+ Kxh5 59. Nd6 Nxf6 60. Kb5 Ne4 61. Kxa5 1/2-1/2


[Site "https://www.chess.com"]